 Dungeon Crawl Stone Soup version 0.28.0-1-gb440e238dd (webtiles) character file.

Game seed: 15435826189624188777

11 themarg the Destroyer (level 2, -2/20 HPs)
             Began as a Gnoll Wanderer on Feb 19, 2022.
             Was a Follower of Uskayaw.
             Slain by a hobgoblin (5 damage)
             ... on level 1 of the Dungeon.
             The game lasted 00:01:43 (384 turns).

themarg the Destroyer (Gnoll Wanderer)               Turns: 384, Time: 00:01:43

Health: -2/20      AC:  7    Str: 12    XL:     2   Next: 25%
Magic:  7/7        EV:  8    Int: 12    God:    Uskayaw [*.....]
Gold:   43         SH:  0    Dex:  9    Spells: 9/10 levels left

rFire   . . .      SeeInvis .   a - +0 club
rCold   . . .      Faith    .   (no shield)
rNeg    . . .      Spirit   .   b - +0 scale mail
rPois   .          Reflect  .   (no helmet)
rElec   .          Harm     .   (no cloak)
rCorr   .          Rampage  .   (no gloves)
Will    .....                   (no boots)
Stlth   ..........              (no amulet)
HPRegen 0.06/turn               (no ring)
MPRegen 0.10/turn               (no ring)

@: lethally poisoned (-2 -> -10)
A: fangs 1, strong nose, distributed training
a: Renounce Religion, Stomp


You were on level 1 of the Dungeon.
You worshipped Uskayaw.
Uskayaw was noncommittal.
You visited 1 branch of the dungeon, and saw 1 of its levels.

You collected 43 gold pieces.

Inventory:

Hand Weapons
 a - a +0 club (weapon)
Armour
 b - a +0 scale mail (worn)
Scrolls
 c - a scroll of fog
 d - a scroll of magic mapping {unknown}


   Skills:
 + Level 0.3 Fighting
 + Level 0.3 Short Blades
 + Level 0.3 Long Blades
 + Level 0.3 Axes
 + Level 0.3 Maces & Flails
 + Level 0.3 Polearms
 + Level 0.3 Staves
 + Level 0.3 Slings
 + Level 0.3 Bows
 + Level 0.3 Crossbows
 + Level 2.4 Throwing
 + Level 4.4 Armour
 + Level 0.3 Dodging
 + Level 0.3 Stealth
 + Level 0.3 Shields
 + Level 0.3 Unarmed Combat
 + Level 4.9 Spellcasting
 + Level 8.7 Conjurations
 + Level 0.2 Hexes
 + Level 0.2 Summonings
 + Level 0.2 Necromancy
 + Level 0.2 Translocations
 + Level 0.2 Transmutations
 + Level 0.2 Fire Magic
 + Level 0.2 Ice Magic
 + Level 0.2 Air Magic
 + Level 0.2 Earth Magic
 + Level 0.2 Poison Magic
 + Level 0.4 Invocations
 + Level 0.3 Evocations


You had 9 spell levels left.
You knew the following spells:

 Your Spells              Type           Power      Damage    Failure   Level
a - Magic Dart            Conj           92%        1d7       2%          1

Your spell library contained the following spells:

 Spells                   Type           Power      Damage    Failure   Level
 Hailstorm                Conj/Ice       13%        3d5       83%         4
 Sticky Flame             Conj/Fire      13%        2d4       83%         4


Dungeon Overview and Level Annotations

Branches:
Dungeon (1/15)

Altars:
Uskayaw


Innate Abilities, Weirdness & Mutations

You have very sharp teeth.
Your uncanny sense of smell can sniff out nearby items.
Your experience applies equally to all skills.


Message History

The bat misses you. The bat hits you. The bat barely misses you.
You hit the bat but do no damage. The bat closely misses you. x2
You barely miss the bat. The bat hits you but does no damage.
The bat completely misses you. The bat hits you but does no damage. x2
You barely miss the bat. The bat hits you. The bat barely misses you.
You miss the bat. You bite the bat.
The bat is severely wounded.
The bat closely misses you. The bat hits you but does no damage.
The bat barely misses you.
You barely miss the bat.
The bat is severely wounded.
The bat barely misses you.
Hit: a) +0 club
Press: ? - help, Dir - move target, f - bat
Aim: a bat (severely wounded, about 63% to evade your +0 club)
You hit the bat but do no damage.
The bat is severely wounded.
The bat hits you but does no damage. x3
Hit: a) +0 club
Press: ? - help, Dir - move target, f/p - bat
Aim: a bat (severely wounded, about 63% to evade your +0 club)
You hit the bat.
You kill the bat!
You start resting.
A hobgoblin comes into view. It is wielding a +0 dagger of venom.
The hobgoblin shouts!
The hobgoblin hits you with a +0 dagger of venom.
You are lethally poisoned!
You closely miss the hobgoblin.
You bite the hobgoblin, but do no damage.
* * * LOW HITPOINT WARNING * * *
You feel very sick. The hobgoblin barely misses you.
The hobgoblin hits you but does no damage.
You closely miss the hobgoblin.
* * * LOW HITPOINT WARNING * * *
You feel very sick.
The hobgoblin hits you with a +0 dagger of venom.
You die...

#. #.# #..
#.##.######..
####....†......#
........######..
#######.#
##.##########†#
..............#
####.####..†..#.#
......g@..###.#.#
####.###### #.#.#
#.... ∆ ..... ∆
###.## .# .#


You could see a hobgoblin.

Vanquished Creatures
  An endoplasm (D:1)
  2 hobgoblins (D:1)
  2 jackals (D:1)
  A quokka (D:1)
  2 bats (D:1)
  A frilled lizard (D:1)
  A rat (D:1)
10 creatures vanquished.

Notes
Turn   | Place    | Note
-------+----------+-------------------------------------------
     0 | D:1      | themarg the Gnoll Wanderer began the quest for the Orb.
     0 | D:1      | themarg set off with the following items: a +0 club, a +0
                  | scale mail, a scroll of fog; and the following spell
                  | memorised: Magic Dart; and the following spells available
                  | to memorise: Hailstorm, Sticky Flame
     0 | D:1      | Reached XP level 1. HP: 13/13 MP: 6/6
   221 | D:1      | Found a faded altar of an unknown god.
   229 | D:1      | Prayed at the altar of an unknown god.
   229 | D:1      | Became a worshipper of Uskayaw the Reveller
   229 | D:1      | Reached * piety under Uskayaw
   288 | D:1      | Reached ** piety under Uskayaw
   302 | D:1      | Reached *** piety under Uskayaw
   303 | D:1      | Reached XP level 2. HP: 15/19 MP: 7/7
   304 | D:1      | Reached **** piety under Uskayaw
   384 | D:1      | Slain by a hobgoblin

Illustrated notes

Levels and vault maps discovered:
D:1:      psy_arrival_statuary, layout_loops_ring, basic_ecumenical_altar

Action                   || total
-------------------------++-------
Melee: Club              ||    44
       Bite              ||     4
 Stab: Paralysed         ||     1
Armor: Scale mail        ||    27
Dodge: Dodged            ||    31
